 Seeded DCSS version 0.30.1-4-g462c640d31 (webtiles) character file.

Game seed: 5076729093574436694 (custom seed)

8 Psyclone the Stinger (level 2, 17/17 HPs)
             Began as an Octopode Venom Mage on Sept 18, 2023.
             Quit the game on level 2 of the Dungeon.
             The game lasted 00:00:48 (107 turns).

Psyclone the Stinger (Octopode Venom Mage)           Turns: 107, Time: 00:00:49

Health: 17/17      AC:  1    Str:  7    XL:     2   Next: 8%
Magic:  5/5        EV: 13    Int: 17    God:
Gold:   0          SH:  0    Dex: 12    Spells: 4/5 levels left

rFire   . . .        b - +0 whip
rCold   . . .        (no shield)
rNeg    . . .        (helmet restricted)
rPois   .            (no amulet)
rElec   .            (no ring)
rCorr   .            (no ring)
SInv    .            (no ring)
Will    .....        (no ring)
Stlth   +++          (no ring)
HPRegen 0.22/turn    (no ring)
MPRegen 0.09/turn    (no ring)
                     (no ring)

%: no passive effects
@: no status effects
A: almost no armour, amphibious, 8 rings, camouflage 1, gelatinous body 1,
(nimble swimmer 1), tentacles
a: no special abilities


You were on level 2 of the Dungeon.
You visited 1 branch of the dungeon, and saw 2 of its levels.

Inventory:

Hand Weapons
 b - a +0 whip (weapon)
Potions
 a - a potion of magic


   Skills:
 - Level 2.0 Dodging
 - Level 2.6 Stealth
 - Level 2.0 Spellcasting
 - Level 1.0 Transmutations
 + Level 4.3 Poison Magic


You had 4 spell levels left.
You knew the following spells:

 Your Spells              Type           Power      Damage    Failure   Level
a - Sting                 Tmut/Pois      40%        1d5       6%          1

Your spell library contained the following spells:

 Spells                   Type           Power      Damage    Failure   Level
 Poisonous Vapours        Pois/Air       18%        N/A       12%         2
 Mephitic Cloud           Conj/Pois/Air  6%         N/A       32%         3
 Olgreb's Toxic Radiance  Pois           16%        N/A       32%         4
 Ozocubu's Armour         Ice            1%         N/A       50%         3
 Summon Forest            Summ/Tloc      0%         N/A       99%         5
 Summon Mana Viper        Hex/Summ       1%         N/A       99%         5
 Haunt                    Necr/Summ      0%         N/A       100%        7
 Polar Vortex             Ice            0%         N/A       100%        9


Dungeon Overview and Level Annotations

Branches:
Dungeon (2/15) Zot: 11893

Altars:


Innate Abilities, Weirdness & Mutations

You cannot wear most types of armour.
You are amphibious.
You can wear up to eight rings at the same time.
Your skin changes colour to match your surroundings (Stealth+).
Your rubbery body absorbs attacks. (AC +1, EV +1)
((You are camouflaged when in or above water. (Stealth+)))
You have tentacles for arms and can constrict up to eight enemies at once.


Message History

The ball python hisses angrily.
Really attack while wielding nothing? [Y]es or [N]o only, please.
Really attack while wielding nothing? [Y]es or [N]o only, please.
Really attack while wielding nothing? [Y]es or [N]o only, please.
Really attack while wielding nothing?
Okay, then.
Casting: Sting (safe; 7% risk of failure)
Confirm with . or Enter, or press ? or * to list all spells.
Aiming: Sting (safe; 7% risk of failure)
Press: ? - help, Shift-Dir - straight line, f - ball python
Aim: a ball python (68% to hit)
The sting hits the ball python.
The ball python is poisoned.
The ball python is heavily wounded.
You kill the ball python!
You have reached level 2!
Health restored: 17
Casting: Sting (safe; 7% risk of failure)
Confirm with . or Enter, or press ? or * to list all spells.
You can't see any susceptible monsters within range! (Use Z to cast anyway.) Unknown command.
b - a +0 whip (weapon)
You start resting.
Magic restored.
MP restored: 5
Found a stone staircase leading up.
A hobgoblin comes into view.
Found a scroll labelled RUOTRO EBERU and 10 gold pieces.
The helpless hobgoblin fails to defend itself.
You hit the hobgoblin. You grab the hobgoblin. You squeeze the hobgoblin.
You kill the hobgoblin!
c - a scroll labelled RUOTRO EBERU This is a scroll of acquirement!
You see here the Quarto of Sidekicks and Ice.
Something appears before you!
You pick up the Quarto of Sidekicks and Ice and begin reading...
You add the spells Ozocubu's Armour, Summon Mana Viper, Summon Forest, Haunt and Polar Vortex to your library.
Are you sure you want to abandon this character and quit the game? (Confirm with "yes".)

#.##.....^....
#........####
####.♣...#
######.♣♣..######
.................#
#########...####.#
#...#
#######...####.####
..........@...<......
######...########....
#...#..........
#...##.#####.#
#...........(#
#..#.#..†..###
##...#......#
#####.#<##.# #.### #


There were no monsters in sight!

Vanquished Creatures
  A dart slug (D:1)
  A ball python (D:2)
  2 hobgoblins
  A kobold (D:1)
5 creatures vanquished.

Notes
Turn   | Place    | Note
-------+----------+-------------------------------------------
     0 | D:1      | Psyclone the Octopode Venom Mage began the quest for the
                  | Orb.
     0 | D:1      | Reached XP level 1. HP: 11/11 MP: 3/3
    15 | D:1      | Reached skill level 4 in Poison Magic
    56 | D:2      | Reached XP level 2. HP: 17/17 MP: 3/5
   103 | D:2      | Identified a scroll of acquirement
   103 | D:2      | Acquired the Quarto of Sidekicks and Ice
   107 | D:2      | Quit the game

Illustrated notes

Levels and vault maps discovered:
D:1:      roderic_dead_forest, layout_loops_ring, serial_shops,
          nicolae_shop_trees
D:2:      layout_basic, serial_shops, shop_statue, basic_altar, st_stairs_7,
          chequers_mini_garden

Skill      XL: |  1 |
---------------+----+-----
Poison Magic   | 4 |  4.3
Dodging        | |  2.0
Stealth        | |  2.6
Spellcasting   | |  2.0
Transmutations | |  1.0

Action                     || total
---------------------------++-------
  Melee: Unarmed           ||     7
         Constrict         ||     3
         Tentacles         ||     2
         Punch             ||     1
         Whip              ||     1
   Cast: Sting             ||     4
    Use: Scroll            ||     1
   Stab: Sleeping          ||     1
  Dodge: Dodged            ||     6
